 Dungeon Crawl Stone Soup version 0.28.0-53-g5a82cb258f (webtiles) character file.

Game seed: 15385096767080302354

1871 Peloso the Covered (level 8, -11/70 HPs)
             Began as a Minotaur Fighter on June 8, 2022.
             Was a Follower of Okawaru.
             Mangled by a two-headed ogre
             ... wielding a +0 dire flail
              (27 damage)
             ... on level 7 of the Dungeon.
             The game lasted 00:11:33 (6066 turns).

Peloso the Covered (Minotaur Fighter)               Turns: 6066, Time: 00:11:34

Health: -11/70     AC: 10    Str: 21    XL:     8   Next: 90%
Magic:  7/7        EV:  8    Int:  5    God:    Okawaru [*.....]
Gold:   208        SH:  5    Dex: 12    Spells: 7/7 levels left

rFire   . . .      SeeInvis .   a - +0 long sword
rCold   . . .      Faith    .   c - +0 buckler
rNeg    . . .      Spirit   .   e - +0 chain mail
rPois   .          Reflect  .   (helmet restricted)
rElec   .          Harm     .   (no cloak)
rCorr   .          Rampage  .   (no gloves)
Will    .....                   (no boots)
Stlth   ..........              t - amulet of regeneration
HPRegen 1.01/turn               (no ring)
MPRegen 0.10/turn               (no ring)

@: no status effects
A: horns 2, retaliatory headbutt
a: Renounce Religion, Heroism


You were on level 7 of the Dungeon.
You worshipped Okawaru.
Okawaru was aware of your devotion.
You visited 1 branch of the dungeon, and saw 7 of its levels.

You collected 208 gold pieces.

Inventory:

Hand Weapons
 a - a +0 long sword (weapon)
 i - the +11 hunting sling of Dust {flame, Str+2}
   (You found it on level 4 of the Dungeon)

   Any ammunition fired from it burns those it strikes, dealing additional fire
   damage.
   Str:       It affects your strength (+2).
Missiles
 p - 171 stones (quivered)
 s - a throwing net
Armour
 b - a +0 scale mail
 c - a +0 buckler (worn)
 e - a +0 chain mail (worn)
Jewellery
 k - a ring of wizardry
 t - an amulet of regeneration (around neck)
Wands
 n - a wand of flame (13)
 u - a wand of charming (6)
 x - a wand of paralysis (7)
Scrolls
 f - a scroll of immolation {unknown}
 g - 3 scrolls of magic mapping
 h - a scroll of fog
 j - 2 scrolls of vulnerability {unknown}
 m - 2 scrolls of noise
 o - a scroll of enchant weapon {unknown}
 y - a scroll of identify
 z - a scroll of summoning {unknown}
Potions
 d - a potion of might
 l - a potion of flight
 q - a potion of brilliance
 r - 2 potions of mutation
 v - a potion of resistance
 w - a potion of magic {unknown}
 A - a potion of attraction {unknown}
 B - a potion of berserk rage {unknown}


   Skills:
 + Level 6.1 Fighting
 + Level 7.5 Long Blades
 + Level 5.9 Slings
 + Level 7.9 Armour
 + Level 1.6 Dodging
 + Level 0.2 Stealth
 + Level 5.3 Shields


You had 7 spell levels left.
You didn't know any spells.
Your spell library contained the following spells:

 Spells                   Type           Power      Damage    Failure   Level
 Animate Dead             Necr           Unusable   N/A       N/A         4
 Haunt                    Necr/Summ      Unusable   N/A       N/A         7
 Infestation              Necr           Unusable   N/A       N/A         8

Dungeon Overview and Level Annotations

Branches:
Dungeon (7/15)
 Temple: D:4-7

Altars:
Hepliaklqana
Nemelex Xobeh
Okawaru
Qazlal
The Shining One


Innate Abilities, Weirdness & Mutations

You have a pair of horns on your head.
You reflexively headbutt those who attack you in melee.


Message History

The hornet is almost dead.
The hornet stings you but does no damage.
You block the hornet's attack.
You hit the hornet. Your headbutt misses the hornet.
The hornet is almost dead.
You block the hornet's attack.
You closely miss the hornet. You headbutt the hornet.
You kill the hornet!
Okawaru is honoured by your kill.
p - 171 stones (gained 3)
A two-headed ogre comes into view.
It is wielding a +0 dire flail and a +0 giant club.
You see here a stone.
You slash the two-headed ogre!
The two-headed ogre is moderately wounded.
The two-headed ogre hits you with a +0 dire flail!
The two-headed ogre closely misses you.
You hit the two-headed ogre but do no damage.
You headbutt the two-headed ogre.
The two-headed ogre is moderately wounded.
The two-headed ogre hits you with a +0 dire flail!
The two-headed ogre hits you with a +0 giant club!
You slash the two-headed ogre! You headbutt the two-headed ogre.
The two-headed ogre is heavily wounded.
You barely miss the two-headed ogre. You headbutt the two-headed ogre.
The two-headed ogre is heavily wounded.
You block the two-headed ogre's attack. The two-headed ogre barely misses you.
You hit the two-headed ogre but do no damage.
The two-headed ogre is heavily wounded.
The two-headed ogre hits you with a +0 dire flail!
The two-headed ogre hits you with a +0 giant club!
You hit the two-headed ogre. You headbutt the two-headed ogre!
The two-headed ogre is severely wounded.
The two-headed ogre hits you with a +0 dire flail!
* * * LOW HITPOINT WARNING * * *
The two-headed ogre completely misses you.
You hit the two-headed ogre.
The two-headed ogre is severely wounded.
You block the two-headed ogre's attack.
The two-headed ogre hits you with a +0 giant club!!
You die...

#### #..
##.## #...
.. #..# ..
##..##.##..
#..@O......
#...##.....
##...# ...
#.<..# .
#.?...#..#
#.###...##
#....
#...##
...<#


You could see a two-headed ogre.

Vanquished Creatures
  A hornet (D:7)
  A steam dragon (D:6)
  Menkaure (D:7)
  An ice beast (D:6)
  A sky beast (D:5)
  3 necrophages
  2 ogres (D:5)
  3 scorpions
  2 water moccasin skeletons
  A howler monkey (D:5)
  A jelly (D:6)
  A bullfrog zombie (D:5)
  4 orc priests (D:5)
  An orc wizard (D:5)
  2 iguanas
  A killer bee zombie (D:6)
  A howler monkey zombie (D:6)
  A howler monkey skeleton (D:4)
  9 gnolls
  5 adders
  A white imp (D:6)
  An ufetubus (D:3)
  3 dart slugs
  2 worms
  4 orcs
  6 endoplasms
  4 giant cockroaches
  7 goblins
  7 hobgoblins
  6 kobolds
  3 quokkas (D:1)
  7 ball pythons
  3 bats
  A frilled lizard (D:1)
  4 rats
101 creatures vanquished.

Notes
Turn   | Place    | Note
-------+----------+-------------------------------------------
     0 | D:1      | Peloso the Minotaur Fighter began the quest for the Orb.
     0 | D:1      | Reached XP level 1. HP: 19/19 MP: 0/0
   464 | D:1      | Reached XP level 2. HP: 25/27 MP: 1/1
  1261 | D:1      | Reached XP level 3. HP: 33/33 MP: 2/2
  1633 | D:2      | Found a faded altar of an unknown god.
  2377 | D:3      | Reached XP level 4. HP: 26/41 MP: 3/3
  3310 | D:3      | Reached XP level 5. HP: 29/47 MP: 4/4
  3578 | D:4      | Identified the +11 hunting sling of Dust {flame, Str+2}
  3709 | D:4      | Noticed a necrophage
  3714 | D:4      | Killed a necrophage
  3715 | D:4      | Reached skill level 5 in Long Blades
  3715 | D:4      | Reached skill level 5 in Armour
  3715 | D:4      | Reached XP level 6. HP: 53/53 MP: 5/5
  3996 | D:4      | Found a sparkling altar of Nemelex Xobeh.
  3996 | D:4      | Found a glowing golden altar of the Shining One.
  4110 | D:5      | Entered Level 5 of the Dungeon
  4206 | D:5      | Noticed a sky beast
  4224 | D:5      | Killed a sky beast
  4225 | D:5      | Reached skill level 1 in Slings
  4243 | D:5      | Reached skill level 5 in Fighting
  4243 | D:5      | Reached skill level 1 in Dodging
  4270 | D:5      | Reached XP level 7. HP: 29/61 MP: 6/6
  4532 | D:5      | Noticed a fire elemental
  4534 | D:5      | Found a stormy altar of Qazlal.
  4665 | D:5      | Reached XP level 8. HP: 69/69 MP: 7/7
  4969 | D:5      | Noticed an air elemental
  5027 | D:6      | Found an iron altar of Okawaru.
  5087 | D:6      | Became a worshipper of Warmaster Okawaru
  5179 | D:6      | Reached skill level 5 in Shields
  5202 | D:6      | Found a hazy altar of Hepliaklqana.
  5301 | D:6      | Reached skill level 5 in Slings
  6046 | D:7      | Noticed Menkaure
  6046 | D:7      | Noticed a hornet
  6048 | D:7      | Killed Menkaure
  6048 | D:7      | Reached * piety under Okawaru
  6054 | D:7      | Killed a hornet
  6058 | D:7      | Noticed a two-headed ogre
  6066 | D:7      | Mangled by a two-headed ogre

Illustrated notes

Levels and vault maps discovered:
D:1:      saegor_arrival_miasma, layout_basic
D:2:      layout_loops_ring, shapermc_ecumenical_altar_totnotflames
D:3:      layout_basic, st_stairs_1, kennysheep_donut,
          nicolae_elevator_lobby_asterisk
D:4:      layout_cave_pools, gammafunk_temple_overflow_wave,
          minmay_temple_entry_from_below_a
D:5:      layout_basic, nicolae_qazlal_style_of_elements, st_stairs_11,
          glass_columns_a
D:6:      layout_basic, overflow_temple_1_default, mainiacjoe_overflow_alcove_2
D:7:      gammafunk_beogh_shrine, layout_loops_ring, serial_shops, shop,
          uniq_menkaure

Skill      XL: |  1  2  3  4  5  6  7  8 |
---------------+-------------------------+-----
Fighting       | 4 5 6 |  6.1
Shields        | 4 5 |  5.3
Armour         | 4 5 7 |  7.9
Long Blades    | 4 5 6 7 |  7.5
Slings         | 1 3 5 |  5.9
Dodging        | 1 |  1.6
Stealth        | |  0.2

Action                   |  1- 3 |  4- 6 |  7- 9 || total
-------------------------+-------+-------+-------++-------
Melee: Long sword        |   108 |    85 |    67 ||   260
       Headbutt          |    15 |    14 |    20 ||    49
 Fire: Hunting sling     |       |     9 |    54 ||    63
  Use: Potion            |     1 |       |       ||     1
       Scroll            |       |     7 |     1 ||     8
Armor: Chain mail        |    66 |    43 |    24 ||   133
       Scale mail        |     2 |       |       ||     2
Dodge: Dodged            |    40 |    26 |    32 ||    98
Block: Buckler           |    25 |    17 |    18 ||    60
